 Dungeon Crawl Stone Soup version 0.29.1-12-g30fa7ad0bf (webtiles) character file.

Game seed: 12791103919424512770

975 retardedninja the Cleaver (level 8, -6/70 HPs)
             Began as a Hill Orc Fighter on Dec 19, 2022.
             Mangled by a gnoll sergeant
             ... wielding a +2 trident of distortion
              (14 damage)
             ... on level 5 of the Dungeon.
             The game lasted 00:06:03 (6331 turns).

retardedninja the Cleaver (Hill Orc Fighter)        Turns: 6331, Time: 00:06:04

Health: -6/70      AC: 10    Str: 21    XL:     8   Next: 16%
Magic:  8/8        EV:  7    Int:  8    God:
Gold:   177        SH:  4    Dex: 10    Spells: 7/7 levels left

rFire   + . .      SeeInvis .   a - +0 war axe
rCold   x . .      Faith    .   c - +0 buckler
rNeg    + . .      Spirit   .   k - +0 chain mail
rPois   .          Reflect  .   (no helmet)
rElec   .          Harm     .   (no cloak)
rCorr   .          Rampage  .   (no gloves)
Will    .....                   (no boots)
Stlth   ..........              (no amulet)
HPRegen 0.21/turn               n - ring of positive energy
MPRegen 0.11/turn               o - ring of fire

@: no status effects
A: no striking features
a: no special abilities


You were on level 5 of the Dungeon.
You visited 1 branch of the dungeon, and saw 5 of its levels.

You collected 177 gold pieces.

Inventory:

Hand Weapons
 a - a +0 war axe (weapon)
Armour
 b - a +0 scale mail
 c - a +0 buckler (worn)
 k - a +0 chain mail (worn)
Jewellery
 n - a ring of positive energy (left hand)
 o - a ring of fire (right hand)
Wands
 d - a wand of flame (27)
Scrolls
 e - a scroll of summoning {unknown}
 i - a scroll of silence
 j - a scroll of teleportation
 l - a scroll of identify
Potions
 h - 2 potions of resistance
 p - a potion of mutation


   Skills:
 + Level 6.0 Fighting
 + Level 8.4 Axes
 + Level 6.1 Armour
 + Level 4.4 Shields


You had 7 spell levels left.
You didn't know any spells.
Your spell library contained the following spells:

 Spells                   Type           Power      Damage    Failure   Level
 Gell's Gravitas          Tloc           0%         N/A       100%        3
 Lesser Beckoning         Tloc           0%         N/A       100%        3
 Teleport Other           Tloc           0%         N/A       100%        3


Dungeon Overview and Level Annotations

Branches:
Dungeon (5/15)
 Temple: D:4-7

Altars:
Fedhas
Okawaru


Message History

There is an open door here.
There is an open door here.
Key pressed, stopping explore.
No target in view!
Found a helmet.
The gnoll sergeant shouts!
The gnoll shouts!
There is an open door here.
There are monsters nearby!
The gnoll sergeant barely misses you. You block the gnoll's attack.
You completely miss the gnoll sergeant. You hit the gnoll.
The gnoll sergeant hits you with a +2 trident of distortion.
Space warps horribly around you!!
You hit the gnoll.
The gnoll is heavily wounded.
You slash the gnoll!
You hit the gnoll sergeant but do no damage.
You block the gnoll sergeant's attack. The gnoll barely misses you. x2
You barely miss the gnoll.
The gnoll is almost dead.
You slash the gnoll sergeant! You barely miss the gnoll.
The gnoll sergeant hits you but does no damage.
Space warps around you! The gnoll hits you but does no damage.
The gnoll hits you with a +0 flail.
You hit the gnoll.
You kill the gnoll!
You closely miss the gnoll sergeant. You barely miss the gnoll.
The gnoll sergeant hits you but does no damage.
Space warps horribly around you!!
* * * LOW HITPOINT WARNING * * *
The gnoll hits you with a +0 spear.
* * * LOW HITPOINT WARNING * * *
It was a potion of magic.
Magic courses through your body.
The gnoll sergeant completely misses you.
The gnoll hits you with a +0 spear.
* * * LOW HITPOINT WARNING * * *
You hit the gnoll sergeant but do no damage.
The gnoll sergeant is moderately wounded.
You closely miss the gnoll.
The gnoll sergeant hits you with a +2 trident of distortion!
You die...

.....#.......##....#
.....#.............#
.....#.............##
.....#..............#
.....####'#####.....#
########
.....#.......##.....#
#......#
.....#.......##'#####
#......#
.....'.......#....[.#
#......#
.....#.......#..@g..#
#......#
.....##'######.)g...#
#......#
....................#
#......#
....................#
#......#
#####...............#
#......#
....#...............#
#......#
....#..!............#
#......#
....##########......#
#......#
....(........#.....
#..<...#


You could see a gnoll sergeant and a gnoll.

Vanquished Creatures
  2 black bears (D:4)
  2 ogres
  A phantom (D:5)
  A necrophage (D:5)
  2 scorpions
  A jelly (D:5)
  2 hounds (D:5)
  2 iguanas (D:5)
  Robin (D:3)
  10 gnolls
  2 adders (D:2)
  A white imp (D:5)
  An ufetubus (D:5)
  2 worms
  3 dart slugs
  2 orcs
  2 bats
  6 endoplasms
  4 giant cockroaches
  17 goblins
  10 hobgoblins
  5 jackals
  4 quokkas
  6 ball pythons
  A frilled lizard (D:3)
  6 kobolds
  5 rats
101 creatures vanquished.

Notes
Turn   | Place    | Note
-------+----------+-------------------------------------------
     0 | D:1      | retardedninja the Hill Orc Fighter began the quest for the
                  | Orb.
     0 | D:1      | Reached XP level 1. HP: 19/19 MP: 1/1
   105 | D:1      | Reached skill level 3 in Axes
   105 | D:1      | Reached XP level 2. HP: 27/27 MP: 2/2
   505 | D:1      | Reached XP level 3. HP: 33/33 MP: 3/3
   863 | D:2      | Found a blossoming altar of Fedhas.
   920 | D:2      | Reached XP level 4. HP: 41/41 MP: 4/4
  1321 | D:3      | Noticed Robin
  1336 | D:3      | Reached skill level 4 in Axes
  1337 | D:3      | Killed Robin
  1783 | D:3      | Reached XP level 5. HP: 45/47 MP: 5/5
  3504 | D:4      | Noticed a black bear
  3511 | D:4      | Killed a black bear
  3512 | D:4      | Reached skill level 5 in Axes
  3626 | D:4      | Reached skill level 5 in Fighting
  3626 | D:4      | Reached XP level 6. HP: 25/56 MP: 6/6
  4182 | D:4      | Found an iron altar of Okawaru.
  4192 | D:4      | Noticed a black bear
  4199 | D:4      | Killed a black bear
  4200 | D:4      | Reached skill level 6 in Axes
  4200 | D:4      | Reached skill level 5 in Armour
  4312 | D:4      | Reached XP level 7. HP: 52/61 MP: 7/7
  4600 | D:5      | Entered Level 5 of the Dungeon
  4846 | D:5      | Reached skill level 7 in Axes
  5225 | D:5      | Reached skill level 8 in Axes
  5225 | D:5      | Reached XP level 8. HP: 25/70 MP: 8/8
  6331 | D:5      | Mangled by a gnoll sergeant

Illustrated notes

Levels and vault maps discovered:
D:1:      dpeg_arrival_windows_large_door, layout_basic, minivault_25,
          hangedman_decor_peaks_small
D:2:      layout_rooms, basic_altar, minmay_stone_trees_small
D:3:      layout_rooms, uniq_robin
D:4:      layout_basic, mainiacjoe_overflow_six_doors_small,
          minmay_misc_feat_iff
D:5:      layout_gridville

Skill      XL: |  1  2  3  4  5  6  7  8 |
---------------+-------------------------+-----
Axes           | 3 4 5 6 8 |  8.4
Fighting       | 4 5 6 |  6.0
Armour         | 4 5 6 |  6.1
Shields        | 4 |  4.4

Action                   |  1- 3 |  4- 6 |  7- 9 || total
-------------------------+-------+-------+-------++-------
Melee: War axe           |    79 |   140 |    76 ||   295
  Use: Potion            |       |     3 |     3 ||     6
       Scroll            |       |    10 |     1 ||    11
Armor: Scale mail        |    31 |    46 |       ||    77
       Skin              |       |    13 |       ||    13
       Chain mail        |       |     8 |    40 ||    48
Dodge: Dodged            |    36 |    56 |    34 ||   126
Block: Buckler           |    20 |    28 |    20 ||    68
